General information
- name: BNet
- type: Ladder team game (AT/RT)
- host: Battle.net
- saver: IHATEBADAVICE
map: FullScaleAssault
- players: 8
- length: 68:52
- speed: Fast
- version: 1.26 W3XP
- replay type: Public
» download(414 KB)
Players
team 1 (winner)
Arctican (
blue | 54 APM | 3723 actions | 68:52)
8 Warden
3 Shadow Strike
3 Blink
1 Spirit of Vengeance
1 Fan of Knives
» actions
| Assign group hotkey | 180 | |
| Basic commands | 141 | |
| Build / train | 103 | |
| Enter build submenu | 22 | |
| Enter hero's abilities submenu | 8 | |
| Give item / drop item | 7 | |
| Remove unit from queue | 4 | |
| Right click | 2090 | |
| Select / deselect | 318 | |
| Select group hotkey | 316 | |
| Use ability | 534 | |
3723 total
» units
| Wisp | 36 | |
| Huntress | 4 | |
| Dryad | 14 | |
| Goblin Zeppelin | 2 | |
| Siege Engine | 6 | |
62 total
» upgrades
| Sentinel | 1 | |
| Abolish Magic | 1 | |
| Nature's Blessing | 1 | |
| Ultravision | 1 | |
| Strength of the Wild | 2 | |
| Reinforced Hides | 2 | |
8 total
» buildings
| Altar of Elders | 1 | |
| Moon Well | 7 | |
| Hunter's Hall | 1 | |
| Ancient of Wonders | 1 | |
| Ancient of War | 2 | |
| Tree of Ages | 1 | |
| Ancient of Lore | 3 | |
| Tree of Life | 4 | |
| Ancient Protector | 1 | |
21 total
» build order
00:07 Altar of Elders
00:14 Moon Well
00:16 Moon Well
01:23 Moon Well
01:48 Hunter's Hall
02:10 Ancient of Wonders
02:20 Ancient of War
02:35 Ancient of War
03:28 Tree of Ages
03:49 Moon Well
05:55 Ancient of Lore
05:57 Ancient of Lore
06:08 Ancient of Lore
06:14 Moon Well
06:59 Moon Well
10:53 Tree of Life
12:52 Moon Well
16:10 Tree of Life
22:33 Tree of Life
23:13 Tree of Life
24:25 Ancient Protector
» items
| Lesser Clarity Potion | 3 | |
| Healing Salve | 1 | |
| Periapt of Vitality | 4 | |
| Potion of Lesser Invulnerability | 8 | |
| Scroll of Town Portal | 2 | |
| Potion of Healing | 1 | |
19 total
GARGSAREFINE. (
green | 41 APM | 2833 actions | 68:39)
6 Shadow Hunter
3 Hex
3 Healing Wave
1 Pandaren Brewmaster
1 Breath of Fire
1 Naga Sea Witch
1 Frost Arrows
» actions
| Assign group hotkey | 41 | |
| Basic commands | 118 | |
| Build / train | 113 | |
| ESC pressed | 1 | |
| Enter build submenu | 20 | |
| Enter hero's abilities submenu | 8 | |
| Give item / drop item | 2 | |
| Remove unit from queue | 2 | |
| Right click | 1108 | |
| Select / deselect | 532 | |
| Select group hotkey | 765 | |
| Use ability | 121 | |
2833 total
» units
| Peon | 21 | |
| Grunt | 4 | |
| Goblin Shredder | 3 | |
| Goblin Zeppelin | 11 | |
| Wind Rider | 11 | |
| Goblin Sapper | 9 | |
| Raider | 3 | |
62 total
» upgrades
| Ranged Weapons | 3 | |
| Armor | 3 | |
| Envenomed Spears | 1 | |
| Reinforced Defenses | 1 | |
| Spiked Barricades | 2 | |
| Melee Weapons | 3 | |
| Burning Oil | 1 | |
| Berserker Strength | 1 | |
| Berserker Upgrade | 1 | |
| Troll Regeneration | 1 | |
| Pillage | 1 | |
| Backpack | 1 | |
| Ensnare | 1 | |
| War Drums Damage Increase | 1 | |
| Liquid Fire | 1 | |
22 total
» buildings
| Altar of Storms | 1 | |
| Orc Burrow | 5 | |
| Barracks | 1 | |
| Voodoo Lounge | 1 | |
| War Mill | 3 | |
| Stronghold | 2 | |
| Great Hall | 3 | |
| Beastiary | 4 | |
| Fortress | 1 | |
| Watch Tower | 16 | |
37 total
» build order
00:09 Altar of Storms
00:18 Orc Burrow
00:42 Barracks
01:25 Orc Burrow
02:07 Voodoo Lounge
03:22 War Mill
03:40 Orc Burrow
04:39 Stronghold
04:52 Great Hall
05:31 Orc Burrow
07:09 Beastiary
07:10 Beastiary
07:10 Beastiary
07:49 Fortress
09:23 Watch Tower
09:24 Watch Tower
09:24 Watch Tower
09:24 Watch Tower
09:25 Watch Tower
09:25 Watch Tower
09:30 Watch Tower
09:32 Watch Tower
10:24 Orc Burrow
12:24 Watch Tower
12:24 Watch Tower
12:25 Watch Tower
12:26 Watch Tower
13:52 Watch Tower
13:52 Watch Tower
13:53 Watch Tower
14:15 Beastiary
14:31 Stronghold
19:42 Great Hall
21:13 Great Hall
63:37 War Mill
64:08 War Mill
» items
| Orb of Lightning | 1 | |
| Tiny Great Hall | 1 | |
| Staff of Teleportation | 3 | |
| Scroll of Healing | 1 | |
| Staff of Sanctuary | 1 | |
| Potion of Mana | 1 | |
| Scroll of Town Portal | 3 | |
11 total

»
xxeman (
pink | 82 APM | 2433 actions | 29:49)
6 Mountain King
3 Storm Bolt
1 Bash
1 Thunder Clap
1 Avatar
5 Paladin
3 Holy Light
1 Divine Shield
1 Devotion Aura
» actions
| Build / train | 111 | |
| Enter build submenu | 27 | |
| Enter hero's abilities submenu | 12 | |
| Give item / drop item | 3 | |
| Remove unit from queue | 1 | |
| Right click | 1626 | |
| Select / deselect | 530 | |
| Use ability | 123 | |
2433 total
» units
| Peasant | 21 | |
| Footman | 11 | |
| Siege Engine | 12 | |
| Knight | 16 | |
| Mortar Team | 2 | |
62 total
» upgrades
| Swords | 2 | |
| Gunpowder | 2 | |
| Barrage | 1 | |
| Plating | 2 | |
| Armor | 2 | |
| Animal War Training | 1 | |
10 total
» buildings
| Altar of Kings | 1 | |
| Farm | 11 | |
| Barracks | 1 | |
| Lumber Mill | 1 | |
| Arcane Vault | 1 | |
| Scout Tower | 7 | |
| Keep | 1 | |
| Town Hall | 2 | |
| Guard Tower | 3 | |
| Arcane Tower | 3 | |
| Blacksmith | 1 | |
| Castle | 1 | |
| Workshop | 2 | |
35 total
» build order
00:08 Altar of Kings
00:12 Farm
00:19 Barracks
00:52 Farm
01:37 Farm
02:16 Farm
02:25 Lumber Mill
03:26 Arcane Vault
04:01 Scout Tower
04:09 Scout Tower
04:11 Scout Tower
04:18 Keep
04:42 Town Hall
04:45 Scout Tower
04:59 Guard Tower
05:00 Arcane Tower
05:15 Scout Tower
05:16 Guard Tower
05:25 Blacksmith
05:46 Scout Tower
05:47 Guard Tower
06:16 Arcane Tower
06:33 Scout Tower
07:03 Arcane Tower
08:16 Castle
08:21 Workshop
09:33 Workshop
10:59 Farm
11:28 Farm
12:38 Farm
19:35 Town Hall
20:02 Farm
20:32 Farm
21:17 Farm
22:35 Farm
» items
| Scroll of Regeneration | 2 | |
| Boots of Speed | 1 | |
| Potion of Lesser Invulnerability | 1 | |
| Scroll of Town Portal | 5 | |
| Potion of Healing | 5 | |
| Potion of Mana | 3 | |
17 total
worr. (
yellow | 42 APM | 1507 actions | 36:11)
5 Blademaster
1 Wind Walk
3 Critical Strike
1 Mirror Image
6 Shadow Hunter
3 Healing Wave
2 Hex
1 Big Bad Voodoo
4 Tauren Chieftain
2 War Stomp
2 Endurance Aura
1 Paladin
1 Holy Light
» actions
| Assign group hotkey | 25 | |
| Basic commands | 173 | |
| Build / train | 76 | |
| Enter build submenu | 14 | |
| Enter hero's abilities submenu | 19 | |
| Give item / drop item | 2 | |
| Right click | 369 | |
| Select / deselect | 232 | |
| Select group hotkey | 494 | |
| Use ability | 103 | |
1507 total
» units
| Peon | 10 | |
| Grunt | 3 | |
| Tauren | 11 | |
| Shaman | 5 | |
| Spirit Walker | 5 | |
| Siege Engine | 2 | |
| Peasant | 1 | |
37 total
» upgrades
| Armor | 2 | |
| Melee Weapons | 2 | |
| Spirit Walker Training | 2 | |
| Pulverize | 1 | |
| Shaman Training | 2 | |
| Reinforced Defenses | 1 | |
| Spiked Barricades | 1 | |
11 total
» buildings
| Altar of Storms | 1 | |
| Orc Burrow | 7 | |
| Barracks | 1 | |
| Voodoo Lounge | 1 | |
| Stronghold | 1 | |
| War Mill | 1 | |
| Fortress | 1 | |
| Spirit Lodge | 1 | |
| Tauren Totem | 2 | |
16 total
» build order
00:20 Altar of Storms
00:26 Orc Burrow
00:55 Barracks
01:34 Orc Burrow
01:55 Voodoo Lounge
03:08 Stronghold
03:39 War Mill
04:08 Orc Burrow
05:51 Fortress
06:08 Spirit Lodge
06:34 Orc Burrow
08:18 Tauren Totem
08:22 Tauren Totem
12:44 Orc Burrow
19:54 Orc Burrow
25:49 Orc Burrow
» items
| Orb of Lightning | 2 | |
| Potion of Lesser Invulnerability | 2 | |
| Potion of Healing | 1 | |
| Scroll of Town Portal | 2 | |
7 total
team 2 (loser)
Crypt-Legion (
purple | 27 APM | 1884 actions | 68:52)
8 Dreadlord
3 Carrion Swarm
3 Vampiric Aura
1 Inferno
1 Sleep
» actions
| Assign group hotkey | 3 | |
| Basic commands | 21 | |
| Build / train | 72 | |
| Enter build submenu | 19 | |
| Enter hero's abilities submenu | 9 | |
| Give item / drop item | 3 | |
| Right click | 1311 | |
| Select / deselect | 362 | |
| Select group hotkey | 23 | |
| Use ability | 61 | |
1884 total
» units
| Acolyte | 3 | |
| Ghoul | 11 | |
| Obsidian Statue | 4 | |
| Necromancer | 5 | |
| Abomination | 2 | |
| Crypt Fiend | 7 | |
32 total
» upgrades
| Unholy Armor | 2 | |
| Unholy Strength | 2 | |
| Cannibalize | 1 | |
| Skeletal Longevity | 1 | |
| Ghoul Frenzy | 1 | |
| Skeletal Mastery | 1 | |
| Necromancer Training | 2 | |
| Destroyer Form | 1 | |
| Exhume Corpses | 1 | |
| Web | 1 | |
| Banshee Training | 1 | |
14 total
» buildings
| Graveyard | 1 | |
| Altar of Darkness | 1 | |
| Crypt | 3 | |
| Ziggurat | 7 | |
| Tomb of Relics | 1 | |
| Halls of the Dead | 1 | |
| Black Citadel | 1 | |
| Nerubian Tower | 1 | |
| Temple of the Damned | 2 | |
| Sacrificial Pit | 1 | |
| Slaughterhouse | 1 | |
| Spirit Tower | 1 | |
21 total
» build order
00:11 Graveyard
00:21 Altar of Darkness
00:43 Crypt
01:11 Ziggurat
01:23 Tomb of Relics
01:33 Ziggurat
02:40 Ziggurat
05:00 Halls of the Dead
08:23 Black Citadel
08:29 Nerubian Tower
08:38 Temple of the Damned
08:46 Sacrificial Pit
08:50 Ziggurat
08:53 Ziggurat
08:58 Ziggurat
09:02 Ziggurat
10:01 Temple of the Damned
10:06 Slaughterhouse
19:16 Crypt
19:21 Crypt
23:42 Spirit Tower
» items
| Rod of Necromancy | 1 | |
| Dust of Appearance | 1 | |
| Scroll of Regeneration | 2 | |
| Scroll of Town Portal | 5 | |
| Boots of Speed | 1 | |
| Potion of Lesser Invulnerability | 3 | |
13 total
LordDracula (
orange | 107 APM | 6876 actions | 64:25)
7 Death Knight
3 Death Coil
3 Unholy Aura
1 Death Pact
6 Dreadlord
3 Vampiric Aura
2 Sleep
1 Inferno
» actions
| Assign group hotkey | 148 | |
| Basic commands | 105 | |
| Build / train | 116 | |
| Enter build submenu | 36 | |
| Enter hero's abilities submenu | 17 | |
| Give item / drop item | 5 | |
| Remove unit from queue | 2 | |
| Right click | 3106 | |
| Select / deselect | 586 | |
| Select group hotkey | 2595 | |
| Use ability | 159 | |
6876 total
» units
| Acolyte | 13 | |
| Ghoul | 10 | |
| Goblin Shredder | 1 | |
| Goblin Zeppelin | 1 | |
| Gargoyle | 26 | |
51 total
» upgrades
| Cannibalize | 1 | |
| Creature Attack | 3 | |
| Stone Form | 1 | |
| Creature Carapace | 3 | |
8 total
» buildings
| Crypt | 7 | |
| Ziggurat | 25 | |
| Altar of Darkness | 2 | |
| Nerubian Tower | 1 | |
| Tomb of Relics | 1 | |
| Halls of the Dead | 1 | |
| Graveyard | 2 | |
| Spirit Tower | 8 | |
| Necropolis | 5 | |
| Black Citadel | 1 | |
53 total
» build order
00:08 Crypt
00:10 Ziggurat
00:42 Altar of Darkness
00:49 Altar of Darkness
01:19 Ziggurat
01:39 Nerubian Tower
02:02 Tomb of Relics
02:44 Halls of the Dead
03:04 Graveyard
03:50 Ziggurat
05:57 Ziggurat
05:58 Ziggurat
05:59 Ziggurat
06:10 Crypt
06:13 Crypt
08:17 Spirit Tower
08:28 Spirit Tower
08:28 Spirit Tower
08:28 Spirit Tower
10:23 Necropolis
11:42 Ziggurat
11:44 Ziggurat
11:45 Ziggurat
11:45 Ziggurat
11:46 Ziggurat
11:47 Ziggurat
11:48 Ziggurat
11:48 Ziggurat
12:21 Black Citadel
12:25 Ziggurat
12:26 Ziggurat
13:06 Crypt
13:07 Crypt
13:10 Crypt
15:42 Crypt
15:44 Graveyard
15:58 Spirit Tower
21:04 Necropolis
23:21 Spirit Tower
23:45 Ziggurat
23:45 Ziggurat
23:46 Ziggurat
23:46 Ziggurat
27:27 Necropolis
27:29 Ziggurat
27:29 Ziggurat
27:30 Ziggurat
27:32 Ziggurat
27:33 Ziggurat
30:55 Spirit Tower
35:22 Necropolis
55:03 Necropolis
» items
| Rod of Necromancy | 1 | |
| Sacrificial Skull | 1 | |
| Scroll of Healing | 8 | |
| Orb of Corruption | 1 | |
| Scroll of Town Portal | 5 | |
| Staff of Teleportation | 1 | |
| Potion of Healing | 5 | |
| Scroll of Protection | 3 | |
| Periapt of Vitality | 2 | |
| Boots of Speed | 1 | |
| Potion of Lesser Invulnerability | 1 | |
29 total
IHATEBADAVICE (
teal | 70 APM | 4846 actions | 68:52)
8 Archmage
3 Summon Water Elemental
3 Brilliance Aura
1 Mass Teleport
1 Blizzard
7 Mountain King
3 Storm Bolt
3 Bash
1 Avatar
» actions
| Assign group hotkey | 51 | |
| Basic commands | 316 | |
| Build / train | 150 | |
| ESC pressed | 2 | |
| Enter build submenu | 84 | |
| Enter hero's abilities submenu | 15 | |
| Give item / drop item | 23 | |
| Remove unit from queue | 2 | |
| Right click | 2056 | |
| Select / deselect | 796 | |
| Select group hotkey | 1150 | |
| Use ability | 200 | |
4846 total
» units
| Peasant | 16 | |
| Footman | 7 | |
| Gryphon Rider | 8 | |
| Goblin Shredder | 1 | |
| Goblin Zeppelin | 1 | |
| Blue Dragon | 3 | |
36 total
» upgrades
| Masonry | 3 | |
| Swords | 3 | |
| Animal War Training | 1 | |
| Armor | 3 | |
| Storm Hammers | 1 | |
| Cloud | 1 | |
| Magic Sentry | 1 | |
| Lumber Harvesting | 2 | |
| Gunpowder | 3 | |
| Plating | 3 | |
| Backpack | 1 | |
| Sorceress Training | 2 | |
| Priest Training | 2 | |
| Control Magic | 1 | |
| Barrage | 1 | |
| Flak Cannons | 1 | |
| Flying Machine Bombs | 1 | |
| Fragmentation Shards | 1 | |
| Flare | 1 | |
| Defend | 1 | |
| Long Rifles | 1 | |
34 total
» buildings
| Altar of Kings | 1 | |
| Farm | 12 | |
| Barracks | 1 | |
| Lumber Mill | 2 | |
| Scout Tower | 57 | |
| Arcane Tower | 5 | |
| Town Hall | 5 | |
| Keep | 2 | |
| Arcane Vault | 2 | |
| Blacksmith | 1 | |
| Castle | 2 | |
| Guard Tower | 34 | |
| Gryphon Aviary | 4 | |
| Arcane Sanctum | 1 | |
| Workshop | 2 | |
| Cannon Tower | 1 | |
132 total
» build order
00:06 Altar of Kings
00:11 Farm
00:53 Barracks
01:21 Farm
01:40 Lumber Mill
01:53 Scout Tower
02:21 Farm
02:28 Arcane Tower
03:20 Farm
04:11 Town Hall
04:23 Keep
04:31 Arcane Vault
04:50 Scout Tower
05:16 Arcane Tower
05:47 Blacksmith
06:32 Scout Tower
07:15 Castle
07:16 Guard Tower
08:28 Gryphon Aviary
08:31 Gryphon Aviary
10:32 Farm
12:37 Town Hall
13:28 Scout Tower
13:30 Scout Tower
13:30 Scout Tower
13:31 Scout Tower
13:31 Scout Tower
14:18 Gryphon Aviary
14:20 Gryphon Aviary
14:27 Guard Tower
15:36 Guard Tower
15:36 Guard Tower
15:40 Arcane Sanctum
15:42 Guard Tower
16:05 Farm
16:06 Farm
16:08 Farm
18:06 Farm
18:15 Scout Tower
18:17 Scout Tower
18:17 Scout Tower
18:18 Scout Tower
18:20 Scout Tower
18:22 Scout Tower
18:29 Scout Tower
18:30 Scout Tower
18:31 Scout Tower
18:37 Scout Tower
19:04 Guard Tower
19:05 Guard Tower
19:11 Guard Tower
20:03 Guard Tower
20:05 Guard Tower
20:20 Guard Tower
20:44 Guard Tower
21:00 Farm
21:01 Farm
21:10 Guard Tower
22:51 Scout Tower
22:52 Scout Tower
22:53 Scout Tower
22:57 Scout Tower
23:11 Keep
23:15 Scout Tower
23:16 Scout Tower
23:17 Scout Tower
23:19 Scout Tower
23:57 Guard Tower
23:57 Guard Tower
23:57 Guard Tower
24:16 Guard Tower
24:22 Scout Tower
24:24 Scout Tower
24:26 Scout Tower
24:28 Scout Tower
25:01 Guard Tower
25:09 Scout Tower
25:09 Scout Tower
25:11 Scout Tower
25:12 Scout Tower
25:46 Guard Tower
25:46 Guard Tower
25:47 Guard Tower
26:08 Castle
27:42 Workshop
27:44 Workshop
29:16 Town Hall
29:19 Scout Tower
29:20 Scout Tower
29:20 Scout Tower
29:21 Scout Tower
29:56 Guard Tower
30:01 Guard Tower
30:36 Scout Tower
30:54 Scout Tower
30:56 Scout Tower
30:58 Scout Tower
31:00 Scout Tower
31:01 Scout Tower
31:25 Guard Tower
31:55 Guard Tower
32:15 Guard Tower
32:41 Guard Tower
33:11 Guard Tower
34:16 Town Hall
34:48 Arcane Vault
35:24 Scout Tower
35:25 Scout Tower
35:29 Scout Tower
35:30 Scout Tower
37:39 Lumber Mill
38:26 Scout Tower
38:27 Scout Tower
38:27 Scout Tower
38:28 Scout Tower
38:31 Scout Tower
38:51 Guard Tower
38:54 Guard Tower
38:57 Guard Tower
39:24 Town Hall
42:44 Farm
43:00 Scout Tower
43:39 Cannon Tower
56:27 Scout Tower
56:30 Scout Tower
56:31 Scout Tower
57:25 Arcane Tower
57:49 Arcane Tower
59:19 Arcane Tower
62:25 Guard Tower
» items
| Periapt of Vitality | 1 | |
| Staff of Teleportation | 2 | |
| Scroll of Regeneration | 8 | |
| Orb of Fire | 1 | |
| Potion of Healing | 1 | |
| Scroll of Town Portal | 1 | |
| Boots of Speed | 1 | |
| Scroll of Healing | 2 | |
17 total
528491 (
red | 38 APM | 1281 actions | 33:39)
4 Tauren Chieftain
2 Endurance Aura
2 Shockwave
3 Shadow Hunter
2 Healing Wave
1 Hex
» actions
| Assign group hotkey | 46 | |
| Basic commands | 64 | |
| Build / train | 82 | |
| Enter build submenu | 22 | |
| Enter hero's abilities submenu | 8 | |
| Right click | 447 | |
| Select / deselect | 340 | |
| Select group hotkey | 167 | |
| Use ability | 104 | |
1281 total
» units
| Peon | 13 | |
| Grunt | 8 | |
| Shaman | 5 | |
| Troll Batrider | 14 | |
| Troll Witch Doctor | 4 | |
| Spirit Walker | 4 | |
| Tauren | 4 | |
| Kodo Beast | 1 | |
53 total
» upgrades
| Melee Weapons | 2 | |
| Armor | 1 | |
| Berserker Strength | 1 | |
| Backpack | 1 | |
| Shaman Training | 2 | |
| Pillage | 1 | |
| Witch Doctor Training | 2 | |
| Reinforced Defenses | 1 | |
| Pulverize | 1 | |
| War Drums Damage Increase | 1 | |
| Spirit Walker Training | 1 | |
14 total
» buildings
| Altar of Storms | 1 | |
| Orc Burrow | 8 | |
| Barracks | 1 | |
| Voodoo Lounge | 1 | |
| Stronghold | 1 | |
| War Mill | 1 | |
| Great Hall | 1 | |
| Spirit Lodge | 2 | |
| Fortress | 1 | |
| Beastiary | 2 | |
| Tauren Totem | 1 | |
20 total
» build order
00:07 Altar of Storms
00:19 Orc Burrow
00:37 Barracks
01:27 Orc Burrow
01:33 Orc Burrow
02:04 Voodoo Lounge
03:26 Orc Burrow
04:05 Stronghold
04:12 War Mill
05:24 Orc Burrow
05:44 Great Hall
08:25 Spirit Lodge
08:59 Fortress
09:30 Orc Burrow
10:34 Beastiary
10:53 Spirit Lodge
11:01 Beastiary
11:43 Tauren Totem
12:06 Orc Burrow
16:26 Orc Burrow
» items
| Healing Salve | 1 | |
| Scroll of Protection | 1 | |
| Scroll of Town Portal | 1 | |
| Orb of Lightning | 1 | |
4 total
Chat log
(00:35 / All) LordDracula: A dick in your hand isn't optimal for war3
(00:49 / All) IHATEBADAVICE: I agree
(00:56 / Allies) Crypt-Legion: so
(01:00 / All) GARGSAREFINE.: peyton to cardinals official
(01:03 / Allies) 528491: heros?
(01:04 / Allies) Crypt-Legion: that would be good advice
(01:08 / Allies) IHATEBADAVICE: Archmage
(01:10 / All) LordDracula: That would be worst case scenario
(01:32 / All) LordDracula: He needs to go to the Texans
(01:36 / All) GARGSAREFINE.: artican's name is familair
(02:48 / Allies) IHATEBADAVICE: I'll expo here
(03:05 / Allies) 528491: lets go purp
(03:39 / Allies) 528491: purp?
(03:53 / Allies) Crypt-Legion: what?
(06:03 / Allies) Crypt-Legion: anyone got mantle?
(07:06 / Allies) 528491: thats all y
(07:07 / Allies) 528491: u
(07:08 / Allies) 528491: damn
(07:09 / Allies) IHATEBADAVICE: ty!
(07:13 / Allies) 528491: lol np
(07:16 / Allies) 528491: nice drop
(07:19 / Allies) IHATEBADAVICE: yeah
(07:22 / Allies) IHATEBADAVICE: pendants pretty good
(07:25 / Allies) LordDracula: It's really handy on archmage
(07:35 / Allies) 528491: indeed
(08:12 / Allies) LordDracula: Pleasure doing business
(08:20 / Allies) IHATEBADAVICE: Creep this?
(08:38 / Allies) IHATEBADAVICE: I need shredder for air
(08:47 / Allies) LordDracula: I already got it
(09:12 / Allies) 528491: they have an expo there
(09:23 / Allies) 528491: creep back fountain
(09:40 / Allies) IHATEBADAVICE: I'll take this expo when next shredder is available
(11:05 / All) LordDracula: keep hitting "g" for garg
(12:10 / Allies) IHATEBADAVICE: creep mid dragons?
(12:19 / Allies) 528491: we need more aa
(12:39 / Allies) 528491: ive got shams, docs, and tauren soon
(12:57 / Allies) LordDracula: we don't have aa
(13:03 / Allies) 528491: exactly
(13:07 / Allies) IHATEBADAVICE: k
(13:12 / Allies) 528491: ill get some bats
(13:17 / All) Crypt-Legion: lets hit
(13:29 / Allies) LordDracula: I kept getting ghouls
(13:31 / Allies) LordDracula: 11
(13:37 / Allies) IHATEBADAVICE: make sure to get frenzy
(14:40 / Allies) IHATEBADAVICE: b
(17:08 / All) Crypt-Legion: RED
(17:10 / All) Crypt-Legion: fuck
(18:16 / Allies) 528491: wtfff
(18:17 / Allies) 528491: i tped
(18:22 / Allies) 528491: b
(18:26 / Allies) 528491: b
(19:59 / Allies) IHATEBADAVICE: creep middle now? do we have enough?
(20:07 / Allies) 528491: yeah
(20:15 / Allies) 528491: meet
(20:23 / Allies) 528491: pink
(21:08 / Allies) 528491: wtffff
(21:10 / Allies) 528491: god damnit
(21:17 / All) Crypt-Legion: RUN
(21:19 / All) Crypt-Legion: you got not tp
(21:19 / Allies) LordDracula: wait
(21:20 / All) Crypt-Legion: run
(22:08 / All) LordDracula: Worr!
(22:30 / Allies) 528491: anybody?
(22:31 / Allies) 528491: no?
(22:35 / Allies) IHATEBADAVICE: omw
(22:42 / Allies) 528491: jesus christ
(22:57 / All) Crypt-Legion: teal
(23:02 / All) IHATEBADAVICE: ?
(23:07 / All) Crypt-Legion: fight
(23:09 / All) Crypt-Legion: thats what
(23:47 / All) Crypt-Legion: my base
(23:48 / All) Crypt-Legion: bb
(23:48 / All) Crypt-Legion: b
(23:49 / Allies) LordDracula: gold
(23:56 / Allies) LordDracula: tp
(24:15 / All) Crypt-Legion: oj come to my base
(24:48 / All) Crypt-Legion: come to my base
(24:49 / All) Crypt-Legion: tela
(24:50 / All) Crypt-Legion: oj
(24:53 / Allies) IHATEBADAVICE: sec
(24:59 / All) Crypt-Legion: i got losts of towers
(25:03 / All) Crypt-Legion: lol
(25:04 / Allies) LordDracula: teal come with me
(25:12 / Allies) LordDracula: I need your help with tanks
(25:15 / Allies) 528491: last peon
(25:17 / Allies) IHATEBADAVICE: Where
(25:17 / Allies) 528491: damn
(25:37 / Allies) LordDracula: I'm taking that epxo
(25:39 / Allies) 528491: someone let me help control
(25:42 / Allies) IHATEBADAVICE: OMW oj
(25:42 / Allies) 528491: ill micro
(25:42 / Allies) Crypt-Legion: b
(26:42 / Allies) IHATEBADAVICE: sec
(26:45 / Allies) IHATEBADAVICE: lemme get boots for my mk
(28:22 / Allies) Crypt-Legion: red
(28:24 / Allies) Crypt-Legion: oj
(28:27 / Allies) Crypt-Legion: stay with us
(29:40 / All) LordDracula: dumb hero focusing nimrod
(29:52 / Allies) Crypt-Legion: you all left me to die
(29:58 / Allies) Crypt-Legion: not killing the tauren
(30:15 / Allies) 528491: all i own is three walkers
(30:20 / Allies) 528491: im sorry nobody will let me micro
(30:26 / Allies) 528491: considering i have nothing else to do
(30:32 / Allies) 528491: no peons
(30:47 / All) GARGSAREFINE.: dead dreadlord
(31:15 / Allies) 528491: we need to go
(31:21 / Allies) 528491: teal
(31:23 / Allies) Crypt-Legion: teal
(31:23 / Allies) Crypt-Legion: tp
(31:26 / Allies) 528491: like now
(31:29 / Allies) 528491: teal
(31:30 / Allies) 528491: go
(31:31 / Allies) 528491: go
(31:31 / Allies) 528491: go
(31:32 / Allies) IHATEBADAVICE: I need hp on my gryphons
(31:42 / Allies) IHATEBADAVICE: Oj has that
(31:43 / Allies) 528491: jesus
(31:51 / Allies) 528491: yeah but still
(31:52 / Allies) 528491: come on
(32:13 / All) LordDracula: I put coil at T
(32:14 / Allies) 528491: tp?
(32:15 / All) LordDracula: unuse to it
(32:17 / Allies) Crypt-Legion: gold
(32:21 / Allies) Crypt-Legion: gold
(32:27 / Allies) Crypt-Legion: TEAL
(32:30 / All) GARGSAREFINE.: we havent even scotued ru guys bases yet
(32:31 / Allies) Crypt-Legion: you have 9000 gold
(32:34 / Allies) IHATEBADAVICE: I need more
(32:37 / Allies) Crypt-Legion: give me 2000
(32:38 / Allies) 528491: holy fuck
(32:41 / Allies) 528491: jesus
(32:44 / Allies) IHATEBADAVICE: I need at least 20k
(32:44 / Allies) 528491: christ
(32:46 / Allies) Crypt-Legion: NOW
(32:51 / Allies) Crypt-Legion: PLEASE
(32:52 / Allies) 528491: teal let me control your army
(32:53 / Allies) Crypt-Legion: please
(32:55 / Allies) 528491: build some shit
(32:56 / Allies) Crypt-Legion: give me gold
(33:03 / Allies) Crypt-Legion: i need more
(33:03 / Allies) 528491: teal
(33:05 / Allies) Crypt-Legion: i have none
(33:07 / Allies) Crypt-Legion: wtf
(33:09 / Allies) Crypt-Legion: give me gold
(33:14 / Allies) IHATEBADAVICE: You can afford an expo now
(33:16 / Allies) Crypt-Legion: teal
(33:21 / Allies) Crypt-Legion: give me 1000
(33:22 / Allies) IHATEBADAVICE: I gave you 300 that is enough to expo
(33:27 / Allies) Crypt-Legion: you cant even spend 20000
(33:39 / Allies) LordDracula: I haven't use coil much this game
(33:41 / Allies) LordDracula: I keep hitting C
(33:44 / Allies) LordDracula: when I changed it to T
(36:24 / All) LordDracula: You're an annoying harlot
(36:42 / All) GARGSAREFINE.: standoff?
(36:43 / Allies) LordDracula: let's kill that warden
(36:46 / Allies) Crypt-Legion: yes
(36:49 / Allies) Crypt-Legion: im looking for her
(37:25 / Allies) Crypt-Legion: found her
(37:44 / Allies) Crypt-Legion: she ran awa
(37:48 / Allies) LordDracula: sleep
(38:16 / All) IHATEBADAVICE: damn instakill
(38:29 / Allies) Crypt-Legion: lol
(41:32 / Allies) Crypt-Legion: lol
(43:59 / Allies) LordDracula: I'll sleep it then you bolt it when we are on top of it
(44:10 / Allies) LordDracula: jake needs to tp
(44:17 / Allies) IHATEBADAVICE: Where is the bitch
(45:52 / All) GARGSAREFINE.: lawl
(45:53 / All) Crypt-Legion: she has no mana
(45:54 / All) GARGSAREFINE.: so awful
(46:00 / All) GARGSAREFINE.: tp staff cooldown
(46:32 / All) GARGSAREFINE.: shop
(46:35 / All) LordDracula: want to just give blue the loss?
(46:55 / All) IHATEBADAVICE: damn this slut is fast
(47:04 / All) Crypt-Legion: shes shadow melding
(48:53 / All) IHATEBADAVICE: I have 3 level 10 dragons
(49:10 / Allies) Crypt-Legion: teal
(49:11 / Allies) Crypt-Legion: tp
(49:45 / All) GARGSAREFINE.: sleep
(49:55 / All) Arctican: will soon honey
(52:18 / Allies) IHATEBADAVICE: saw it for a sec near fountain jesus fucking christ blink is retarded
(52:29 / Allies) LordDracula: The thing is this ain't hard for it to do
(52:33 / Allies) LordDracula: Now if it was doing damage
(52:37 / Allies) LordDracula: like I can solo like this
(52:43 / Allies) LordDracula: blue can't do anything but run
(52:53 / Allies) LordDracula: fan of knives and I can win games
(52:58 / Allies) LordDracula: with just warden
(58:16 / Allies) Crypt-Legion: tp
(58:25 / Allies) Crypt-Legion: hammer
(58:31 / All) GARGSAREFINE.: haha
(58:32 / All) Arctican: nice
(58:33 / All) GARGSAREFINE.: rape
(58:33 / All) IHATEBADAVICE: gangbanged
(58:35 / All) Arctican: haha
(58:35 / All) LordDracula: Not so clever after all
(58:38 / All) Arctican: good trap
(58:42 / All) IHATEBADAVICE: We lured you to the shop
(58:47 / All) Arctican: that you did
(58:48 / All) GARGSAREFINE.: have to give blue credit he is classy
(58:49 / All) IHATEBADAVICE: It was our plan coordinated in /f m
(59:02 / All) IHATEBADAVICE: Level 3 blink is annoying as hell
(59:03 / All) Arctican: damn that was a fair chase
(59:04 / All) GARGSAREFINE.: standoff?
(59:09 / All) GARGSAREFINE.: blue
(59:10 / All) IHATEBADAVICE: yeah, gj blue
(59:11 / All) GARGSAREFINE.: we actually
(59:14 / All) IHATEBADAVICE: Have to give you credit
(59:15 / All) GARGSAREFINE.: had this conversation earlier today
(59:22 / All) GARGSAREFINE.: how hard would it be to kill warden with lvl 3 blink
(59:22 / All) Arctican: about?
(59:26 / All) Arctican: haha
(59:33 / All) GARGSAREFINE.: 100x harder than bm
(59:37 / All) Arctican: would be pretty easy if you cordinated like that
(59:46 / All) Crypt-Legion: bms are easy to me now
(59:48 / All) GARGSAREFINE.: its still hard for an ally cuz blink makes it go away
(60:01 / All) IHATEBADAVICE: Standoff?
(60:03 / All) Arctican: yah i learned that when the same thing happend to me a week ago
(60:13 / All) Crypt-Legion: oj
(60:22 / All) GARGSAREFINE.: should we make standfof/
(60:26 / All) Crypt-Legion: gonna break stuff?
(60:30 / All) LordDracula: Yeah, now
(60:31 / All) GARGSAREFINE.: blue will u stay in the game if we kill all units and leave one building?
(60:34 / All) IHATEBADAVICE: Let's ask purple and blue first
(60:37 / All) Arctican: sure
(60:39 / All) IHATEBADAVICE: Everyone will have a fair chance at winning
(60:42 / All) IHATEBADAVICE: Last to leave wins
(60:48 / All) GARGSAREFINE.: what about u purp?
(61:00 / All) Crypt-Legion: im afk now...hungry
(61:01 / All) Crypt-Legion: cya
(61:02 / All) GARGSAREFINE.: purple are you wiling ot leave ur computer on all ay?
(61:09 / All) GARGSAREFINE.: all night*
(61:19 / All) GARGSAREFINE.: ill make zepplins
(61:21 / All) GARGSAREFINE.: for blue
(61:24 / All) GARGSAREFINE.: so he can scout ur base
(62:16 / All) IHATEBADAVICE: sea witch has the lowest hp out of any level 1 hero
(62:24 / All) GARGSAREFINE.: i didnt think we would get that warden ever
(62:27 / All) Arctican: thought the old geezer tdoes
(62:32 / All) GARGSAREFINE.: i wonder if there was something we didnt take into account
(62:34 / All) GARGSAREFINE.: like dryads
(63:08 / All) Arctican: so cool, now what?
(63:15 / All) IHATEBADAVICE: We're killing all of our stuff
(63:18 / All) IHATEBADAVICE: First, for it to begin
(63:29 / All) GARGSAREFINE.: purple vs blue, person with best internet connection wins
(63:39 / All) GARGSAREFINE.: can u guys
(63:43 / All) GARGSAREFINE.: build war mill top island
(64:17 / All) LordDracula: time to rub one out, good luck ladies
(65:20 / All) IHATEBADAVICE: I'm making sure I have 0 food first
(66:16 / All) GARGSAREFINE.: nvm dont need u
(66:19 / All) IHATEBADAVICE: Hang on
(66:23 / All) IHATEBADAVICE: My last hall is almost dead
(66:32 / All) IHATEBADAVICE: I can get ivory tower
(66:35 / All) IHATEBADAVICE: to place near your mill
(66:45 / All) GARGSAREFINE.: uh
(66:53 / All) IHATEBADAVICE: ?
(66:54 / All) GARGSAREFINE.: just build a warmill
(66:58 / All) IHATEBADAVICE: Where
(67:00 / All) GARGSAREFINE.: or dont worry about
(67:02 / All) IHATEBADAVICE: I have no peons
(67:09 / All) GARGSAREFINE.: u guys have all ur buildings its pointless if u have tha tmany
(67:12 / All) GARGSAREFINE.: just leave it as it is
(67:20 / All) IHATEBADAVICE: K
(67:23 / All) IHATEBADAVICE: my army is dying now
(67:24 / All) IHATEBADAVICE: 0 food
(67:55 / All) Arctican: cool, so how do i spend this?
(68:03 / All) IHATEBADAVICE: Leave your computer on
(68:04 / All) GARGSAREFINE.: on zeppls lawl
(68:04 / All) IHATEBADAVICE: or alt tab
(68:08 / All) IHATEBADAVICE: Everything is dead now
(68:16 / All) GARGSAREFINE.: good luck blue and pruple
(68:18 / All) IHATEBADAVICE: In a sec anyway. So, for all purposes...
(68:21 / All) IHATEBADAVICE: LET IT BEGIN, LET IT BEGIN
(68:23 / All) GARGSAREFINE.: lets have a 1000+ minute game
(68:24 / All) IHATEBADAVICE: STANDOFF COMMENCE